 Dungeon Crawl Stone Soup version 0.18-a0-1220-g2dc6208 (webtiles) character file.

70 Psiweapon the Sneak (level 4, -1/27 HPs)
             Began as an Octopode Wizard on Feb 3, 2016.
             Slain by Psiweapon's ghost (4 damage)
             ... on level 3 of the Dungeon.
             The game lasted 00:09:02 (3240 turns).

Psiweapon the Sneak (Octopode Wizard)               Turns: 3240, Time: 00:09:02

Health: -1/27      AC:  1    Str:  7    XL:     4   Next: 22%
Magic:  14/24      EV: 12    Int: 20    God:
Gold:   102        SH:  2    Dex: 10    Spells: 3 memorised, 5 levels left

rFire  . . .     SeeInvis .     k - staff of power
rCold  . . .     Gourm    .     (no shield)
rNeg   . . .     Faith    .     a - +0 hat
rPois  .         Spirit   .     e - +2 amulet of reflection
rElec  .         Dismiss  .     (no ring)
rCorr  .         Reflect  +     (no ring)
SustAt .         Harm     .     (no ring)
MR     .....                    (no ring)
Stlth  +++.......               (no ring)
                                (no ring)
                                (no ring)
                                (no ring)

@: very slightly contaminated, not resistant to hostile enchantments, fairly
stealthy
A: almost no armour, amphibious, 8 rings, constrict 8, camouflage 1, gelatinous
body 1
a: no special abilities


You were on level 3 of the Dungeon.
You were hungry.

You visited 1 branch of the dungeon, and saw 3 of its levels.

You collected 102 gold pieces.

Inventory:

Hand Weapons
 d - a +0 spear
 f - a +0 dagger
 u - a +0 hunting sling
Missiles
 g - 150 stones (quivered)
 j - 7 poisoned bolts
 m - 28 bolts
 o - 2 curare-tipped needles
 B - 19 sling bullets
Armour
 a - a +0 hat (worn)
Magical Staves
 k - an uncursed staff of power (weapon)
Jewellery
 e - a +2 amulet of reflection (around mantle)
 w - a +1 ring of evasion {unknown}
Scrolls
 h - a scroll of fear {unknown}
 i - 2 scrolls of enchant weapon {unknown}
 r - 3 scrolls of identify {unknown}
 t - a scroll of recharging {unknown}
 v - a scroll of blinking {unknown}
 x - a scroll of teleportation {unknown}
 y - a scroll of enchant armour {unknown}
Potions
 l - a potion of cure mutation
 n - a potion of flight
 z - a potion of brilliance {unknown}
 A - 2 potions of curing
Books
 b - a book of Minor Magic

   Spells                             Type                      Level
   a - Magic Dart                     Conjuration                  1
   b - Blink                          Translocation                2
   c - Call Imp                       Summoning                    2
   d - Repel Missiles                 Charms/Air                   2
   e - Slow                           Hexes                        2
   f - Conjure Flame                  Conjuration/Fire             3
   g - Mephitic Cloud                 Conjuration/Poison/Air       3
 p - a book of the Tempests

   Spells                             Type                      Level
   a - Static Discharge               Conjuration/Air              3
   b - Lightning Bolt                 Conjuration/Air              5
   c - Fireball                       Conjuration/Fire             5
   d - Tornado                        Air                          9
   e - Shatter                        Earth                        9
Comestibles
 c - 5 bread rations
 q - a meat ration
 s - 3 chunks of flesh


   Skills:
 + Level 0.2 Short Blades
 + Level 2.5 Dodging
 + Level 3.8 Stealth
 + Level 3.7 Spellcasting
 + Level 1.4 Conjurations
 + Level 1.2 Summonings
 + Level 1.0 Translocations


You had 5 spell levels left.
You knew the following spells:

 Your Spells              Type           Power        Failure   Level  Hunger
a - Magic Dart            Conj           #...         10%         1    None
b - Blink                 Tloc           N/A          17%         2    ##.....
c - Call Imp              Summ           #.......     14%         2    ##.....


Dungeon Overview and Level Annotations

Branches:
Dungeon (3/15)

Altars:
Nemelex Xobeh

Annotations:
D:3 Psiweapon's ghost, amateur DgAE


Innate Abilities, Weirdness & Mutations

You cannot wear most types of armour.
You are amphibious.
You can wear up to eight rings at the same time.
You can use your tentacles to constrict eight enemies at once.
Your skin changes colour to match your surroundings (Stealth).
Your rubbery body absorbs attacks (AC +1).


Message History

Psiweapon's ghost casts a spell at you. The zap hits your white imp.
The zap misses you.
Your white imp gestures at Psiweapon's ghost.
The puff of frost misses Psiweapon's ghost.
Casting: Magic Dart
Confirm with . or Enter, or press ? or * to list all spells.
Aiming: Magic Dart
Press: ? - help, Shift-Dir - straight line, f/p - Psiweapon's ghost
Aim: Psiweapon's ghost (heavily damaged)
The magic dart hits Psiweapon's ghost.
Psiweapon's ghost is heavily damaged.
Psiweapon's ghost closely misses your white imp.
Your white imp barely misses Psiweapon's ghost.
Psiweapon's ghost hits you.
* * * LOW HITPOINT WARNING * * *
Your white imp hits Psiweapon's ghost but does no damage.
You hit Psiweapon's ghost but do no damage.
Psiweapon's ghost is heavily damaged.
Psiweapon's ghost hits you.
You die...

#.# ####### #.###.
#.####
##########.###.
#5...#
#..>....#.#.##.
####.#
#.#####..###..#
#.###.##).....#.##.
##.....##.##.##.####
#......##.##.####
#..W.........#
#..@5.....####
#.......###
###...### # #...#
###.# ##### #....
#.### #.### #....
#.##.


You could see Psiweapon's ghost and a friendly white imp.

Vanquished Creatures
  A worm (D:2)
  10 bats
  3 giant cockroaches
  11 goblins
  4 hobgoblins (D:1)
  6 kobolds
  4 giant newts
  8 rats
47 creatures vanquished.

Vanquished Creatures (collateral kills)
  A gnoll (D:1)
  An adder (D:2)
  2 worms
  A goblin (D:1)
  A hobgoblin (D:1)
  A rat (D:1)
7 creatures vanquished.

Grand Total: 54 creatures vanquished

Notes
Turn   | Place    | Note
--------------------------------------------------------------
     0 | D:1      | Psiweapon the Octopode Wizard began the quest for the Orb.
     0 | D:1      | Reached XP level 1. HP: 11/11 MP: 4/4
   497 | D:1      | Reached XP level 2. HP: 9/17 MP: 6/6
   687 | D:1      | Learned a level 2 spell: Blink
   690 | D:1      | Learned a level 2 spell: Call Imp
  1114 | D:1      | Reached XP level 3. HP: 1/21 MP: 2/8
  2521 | D:2      | Found a sparkling altar of Nemelex Xobeh.
  2600 | D:2      | Reached XP level 4. HP: 9/27 MP: 6/9
  3212 | D:3      | Noticed Psiweapon's ghost (amateur DgAE)
  3240 | D:3      | Slain by Psiweapon's ghost

Vault maps used:
D:1:      saegor_arrival_simple_c, minmay_ruptured
D:2:      nemelex_lonely_heart_becter
D:3:      grunt_temple_overflow_diamond, portal_sewer_entry_a, first_bread

Action                   |  1- 3 |  4- 6 || total
-------------------------+-------+-------++-------
Melee: Unarmed           |     9 |       ||     9
       Dagger            |    78 |       ||    78
       Staff             |       |    13 ||    13
 Cast: Magic Dart        |    30 |    16 ||    46
       Call Imp          |     7 |     5 ||    12
       Blink             |     1 |     1 ||     2
  Use: Potion            |       |     3 ||     3
 Stab: Sleeping          |     8 |     2 ||    10
  Eat: Chunk             |     5 |     2 ||     7
